 Dungeon Sprint DCSS version 0.28-a0-938-gbc3f381ebc (webtiles) character file.

Game seed: 14367924188829591878

14876 mhtbhm the Cutthroat (level 12, -5/90 HPs)
             Began as a Kobold Berserker on Nov 28, 2021.
             Was the Champion of Trog.
             Slain by an orc knight (20 damage)
             ... in the Dungeon (Sprint IX: "|||||||||||||||||||||||||||||").
             The game lasted 00:06:22 (2414 turns).

mhtbhm the Cutthroat (Kobold Berserker)             Turns: 2414, Time: 00:06:22

Health: -5/90      AC: 15    Str: 23    XL:     12   Next: 50%
Magic:  12/12      EV: 18    Int: 11    God:    Trog [******]
Gold:   1730       SH:  0    Dex: 18    Spells: 11/11 levels left

rFire   . . .      SeeInvis .   a - +8 short sword of Tip Zamemo {vorpal, Will+ rCorr Str+4}
rCold   . . .      Faith    .   (shield restricted)
rNeg    . . .      Spirit   .   b - +0 chain mail {rPois}
rPois   +          Reflect  .   t - +0 helmet
rElec   .          Harm     .   (no cloak)
rCorr   +          Rampage  .   j - +0 pair of gloves
Will    +....      NoTele   +   s - +0 pair of boots
Stlth   +++++.....              (no amulet)
HPRegen 0.25/turn               k - +3 ring of dexterity
MPRegen 0.13/turn               l - +3 ring of intelligence

@: on berserk cooldown, slowed, very slow
A: small, no large weapons, nightstalker 3
a: Renounce Religion, Berserk, Trog's Hand, Brothers in Arms


You were in the Dungeon.
You worshipped Trog.
Trog was exalted by your worship.
You visited 1 branch You collected 1730 gold pieces.

Inventory:

Hand Weapons
 a - the +8 short sword of Tip Zamemo (weapon) {vorpal, Will+ rCorr Str+4}
   (Trog gifted it to you in the Dungeon)

   It inflicts extra damage upon your enemies.
   Str:       It affects your strength (+4).
   rCorr:     It protects you from acid and corrosion.
   Will:      It increases your willpower.
 m - the +4 arbalest of Immorality {penet, Drain rN++}
   (You found it in the Dungeon)

   Any ammunition fired by it passes through the targets it hits, potentially
   hitting all targets in its path until it reaches maximum range.
   rN:        It greatly protects you from negative energy.
   Drain:     It drains your maximum health when unequipped.
Missiles
 r - 15 bolts
 u - 3 silver boomerangs (quivered)
Armour
 b - a +0 chain mail of poison resistance (worn)
 j - a +0 pair of gloves (worn)
 s - a +0 pair of boots (worn)
 t - a +0 helmet (worn)
Jewellery
 k - a +3 ring of dexterity (left hand)
 l - a +3 ring of intelligence (right hand)
Wands
 i - a wand of acid (1)
Scrolls
 n - 2 scrolls of enchant armour
 o - 2 scrolls of identify
 p - 2 scrolls of enchant weapon
 q - a scroll of fog
Potions
 c - 7 potions of curing
 d - 6 potions of heal wounds
 e - a potion of haste
 f - 4 potions of magic
 g - 2 potions of invisibility


   Skills:
 + Level 16.4 Fighting
 + Level 23.2 Short Blades
 + Level 0.3 Throwing
 + Level 9.7 Armour
 + Level 12.7 Dodging
 + Level 16.8 Stealth
 + Level 4.8 Evocations


You had 11 spell levels left.
You didn't know any spells.
Your spell library was empty.

Dungeon Overview and Level Annotations

Branches:
Dungeon (1/1)

Altars:
Cheibriados
Dithmenos
Elyvilon
Fedhas
Gozag
Hepliaklqana
Kikubaaqudgha
Makhleb
Nemelex Xobeh
Okawaru
Qazlal
Ru
Sif Muna
Trog
Uskayaw
Vehumet
Wu Jian
Xom
Yredelemnul
Zin
The Shining One
Beogh
Jiyva
Lugonu

Shops:
D =?=(


Innate Abilities, Weirdness & Mutations

You are small and have problems with some larger weapons.
You are completely attuned to the shadows.


Message History

The orc knight barely misses you.
You puncture the orc high priest!
The orc high priest is heavily wounded.
You closely miss the orc high priest.
The orc high priest is heavily wounded.
You impale the orc high priest!!
You kill the orc high priest!
Trog accepts your kill. The orc knight barely misses you.
Unknown command.
Things that are here:
a +0 halberd; 50 gold pieces Your chain mail prevents you from hitting the orc knight.
The orc knight closely misses you.
The orc knight roars a battlecry!
The orc knight goes into a battle-frenzy!
You hit the orc knight but do no damage.
You barely miss the orc knight. You puncture the orc knight!
The orc knight is lightly wounded.
The orc knight hits you with a +0 glaive!!
* * * LOW HITPOINT WARNING * * *
You hit the orc knight but do no damage.
The orc knight is lightly wounded.
You puncture the orc knight!
The orc knight is heavily wounded.
The orc knight hits you with a +0 glaive!!
* * * LOW HITPOINT WARNING * * *
You are no longer berserk.
You are exhausted.
You feel yourself slow down.
Things that are here:
a +0 great sword; a +0 plate armour; an orc corpse Blink to where?
Press: ? - help, Dir - move target
As you read the scroll of blinking, it crumbles to dust.
Your iron troll goes berserk!
Unknown command.
The orc knight hits you from afar with a +0 glaive!!
You die...

▓▓▓▓▓▓▓▓▓▓▓▓▓▓▓▓▓▓▓▓▓▓▓▓▓▓
)[))...))))).∩.T@∩o∩o)$o.+
▓▓▓▓▓▓▓▓▓▓▓▓▓▓▓▓▓▓▓▓▓▓▓▓▓▓▓▓▓▓▓▓▓
.................................
▓▓▓▓▓▓▓▓▓▓▓▓▓▓▓▓▓▓▓▓▓▓▓▓▓▓▓▓▓▓▓▓▓
)†......'....†)†....('..[[....'..
▓▓▓▓▓▓▓▓▓▓▓▓▓▓▓▓▓▓▓▓▓▓▓▓▓▓▓▓▓▓▓▓▓
.................................
▓▓▓▓▓▓▓▓▓▓▓▓▓▓▓▓▓▓▓▓▓▓▓▓▓▓▓▓▓▓▓▓▓
________'.?)[.)...'.....)'))....'


You could see 2 orc knights and a friendly iron troll (summoned, berserk).

Vanquished Creatures
  A hydra (D)
  A centaur warrior (D)
  4 orc high priests (D)
  3 lindwurms (D)
  8 orc knights (D)
  A deep elf pyromancer (D)
  A salamander (shapeshifter) (D)
  A gargoyle (D)
  2 cane toads (D)
  A rime drake (D)
  A komodo dragon (D)
  A polar bear (D)
  A tyrant leech (D)
  A slime creature (D)
  A wraith (D)
  A wyvern (D)
  A yak (D)
  8 water moccasins (D)
  7 orc warriors (D)
  3 centaurs (D)
  A wolf (D)
  2 bullfrogs (D)
  A scorpion (D)
  2 howler monkeys (D)
  3 orc priests (D)
  5 orc wizards (D)
  An adder (D)
  4 worms (D)
  9 orcs (D)
  A bat skeleton (D)
  2 endoplasms (D)
  2 giant cockroaches (D)
  A rat (D)
82 creatures vanquished.

Vanquished Creatures (collateral kills)
  2 orc high priests (D)
2 creatures vanquished.

Grand Total: 84 creatures vanquished

Notes
Turn   | Place    | Note
-------+----------+-------------------------------------------
     0 | D        | mhtbhm the Kobold Berserker began the quest for the Orb.
     0 | D        | Reached XP level 1. HP: 14/14 MP: 1/1
    10 | D        | Reached ** piety under Trog
    14 | D        | Reached skill level 5 in Short Blades
    26 | D        | Reached XP level 2. HP: 16/20 MP: 2/2
   195 | D        | Noticed a centaur
   195 | D        | Noticed a scorpion
   204 | D        | Killed a centaur
   205 | D        | Reached skill level 5 in Fighting
   205 | D        | Reached skill level 8 in Short Blades
   205 | D        | Reached XP level 3. HP: 27/27 MP: 3/3
   205 | D        | Reached XP level 4. HP: 32/32 MP: 4/4
   206 | D        | Killed a scorpion
   206 | D        | Reached *** piety under Trog
   207 | D        | Reached skill level 9 in Short Blades
   207 | D        | Reached skill level 5 in Dodging
   207 | D        | Reached XP level 5. HP: 30/37 MP: 5/5
   304 | D        | Found a snail-covered altar of Cheibriados.
   304 | D        | Found a shadowy altar of Dithmenos.
   305 | D        | Found a white marble altar of Elyvilon.
   306 | D        | Found a blossoming altar of Fedhas.
   307 | D        | Found an opulent altar of Gozag.
   308 | D        | Found a hazy altar of Hepliaklqana.
   309 | D        | Found a viscous altar of Jiyva.
   310 | D        | Found an ancient bone altar of Kikubaaqudgha.
   311 | D        | Found a corrupted altar of Lugonu.
   312 | D        | Found a burning altar of Makhleb.
   313 | D        | Found a sparkling altar of Nemelex Xobeh.
   314 | D        | Found an iron altar of Okawaru.
   315 | D        | Found a stormy altar of Qazlal.
   316 | D        | Found a sacrificial altar of Ru.
   317 | D        | Found a shimmering blue altar of Sif Muna.
   318 | D        | Found a bloodstained altar of Trog.
   319 | D        | Found a hide-covered altar of Uskayaw.
   320 | D        | Found a radiant altar of Vehumet.
   321 | D        | Found an ornate altar of the Wu Jian Council.
   322 | D        | Found a shimmering altar of Xom.
   323 | D        | Found a basalt altar of Yredelemnul.
   324 | D        | Found a glowing silver altar of Zin.
   325 | D        | Found a glowing golden altar of the Shining One.
   515 | D        | Noticed a wraith
   515 | D        | Noticed a yak
   527 | D        | Killed a wraith
   527 | D        | Reached **** piety under Trog
   528 | D        | Reached skill level 11 in Short Blades
   528 | D        | Reached XP level 6. HP: 26/44 MP: 6/6
   534 | D        | Killed a yak
   535 | D        | Reached skill level 12 in Short Blades
   535 | D        | Reached XP level 7. HP: 9/50 MP: 7/7
   547 | D        | Reached skill level 13 in Short Blades
   548 | D        | Reached ***** piety under Trog
   549 | D        | Reached XP level 8. HP: 43/56 MP: 8/8
   607 | D        | Noticed a gargoyle
   607 | D        | Noticed a deep elf pyromancer
   608 | D        | Noticed a slime creature
   611 | D        | Noticed a centaur warrior
   617 | D        | Killed a gargoyle
   617 | D        | Identified the +4 rapier of Accord {vorpal, rN+ Dex+2}
                  | (Trog gifted it to you in the Dungeon)
   617 | D        | Received a gift from Trog
   618 | D        | Reached skill level 10 in Fighting
   618 | D        | Reached skill level 14 in Short Blades
   618 | D        | Noticed a raiju
   622 | D        | Killed a deep elf pyromancer
   623 | D        | Reached skill level 15 in Short Blades
   623 | D        | Reached XP level 9. HP: 63/63 MP: 9/9
   665 | D        | Noticed a salamander
   671 | D        | Killed a slime creature
   672 | D        | Reached skill level 16 in Short Blades
   679 | D        | Killed a centaur warrior
   680 | D        | Reached skill level 17 in Short Blades
   680 | D        | Reached skill level 5 in Armour
   680 | D        | Reached skill level 10 in Dodging
   680 | D        | Reached skill level 10 in Stealth
   685 | D        | Killed a salamander
   886 | D        | Got the +4 arbalest of Immorality {penet, Drain rN++}
   898 | D        | Noticed a cane toad
   899 | D        | Noticed a rime drake
   907 | D        | Reached skill level 18 in Short Blades
   908 | D        | Killed a cane toad
   909 | D        | Reached XP level 10. HP: 71/71 MP: 10/10
   916 | D        | Killed a rime drake
   933 | D        | Reached skill level 19 in Short Blades
   937 | D        | Reached ****** piety under Trog
  1034 | D        | Noticed a komodo dragon
  1049 | D        | Noticed a cane toad
  1050 | D        | Noticed a six-headed hydra
  1055 | D        | Killed a komodo dragon
  1056 | D        | Received a gift from Trog
  1100 | D        | Killed a six-headed hydra
  1101 | D        | Reached skill level 20 in Short Blades
  1107 | D        | Killed a cane toad
  1108 | D        | Reached XP level 11. HP: 73/78 MP: 11/11
  1231 | D        | Noticed a lindwurm
  1231 | D        | Noticed a lindwurm
  1232 | D        | Noticed a lindwurm
  1235 | D        | Killed a lindwurm
  1237 | D        | Killed a lindwurm
  1238 | D        | Reached skill level 21 in Short Blades
  1239 | D        | Killed a lindwurm
  1254 | D        | Received a gift from Trog
  1448 | D        | Identified the +8 dagger "Pavaecul" {flame, rC+} (Trog
                  | gifted it to you in the Dungeon)
  1448 | D        | Received a gift from Trog
  1661 | D        | Noticed an orc knight
  1661 | D        | Noticed an orc knight
  1663 | D        | Killed an orc knight
  1663 | D        | Identified the +8 short sword of Tip Zamemo {vorpal, Will+
                  | rCorr Str+4} (Trog gifted it to you in the Dungeon)
  1663 | D        | Received a gift from Trog
  1664 | D        | Reached skill level 1 in Evocations
  1672 | D        | Killed an orc knight
  1673 | D        | Noticed an orc high priest
  1692 | D        | Received a gift from Trog
  1699 | D        | Killed an orc high priest
  1700 | D        | Reached skill level 22 in Short Blades
  1890 | D        | Noticed an orc knight
  1890 | D        | Noticed an orc high priest
  1890 | D        | Noticed an orc knight
  1893 | D        | Noticed an orc knight
  1900 | D        | Killed an orc knight
  1901 | D        | Reached skill level 15 in Fighting
  1901 | D        | Noticed an orc high priest
  1903 | D        | Killed an orc high priest
  1904 | D        | Reached skill level 15 in Stealth
  1904 | D        | Noticed an orc high priest
  1910 | D        | Killed an orc knight
  1911 | D        | Reached XP level 12. HP: 88/88 MP: 12/12
  1911 | D        | Found Ekoluhed's Jewellery Emporium.
  1911 | D        | Noticed an orc high priest
  1915 | D        | Received a gift from Trog
  1920 | D        | Killed an orc high priest
  1923 | D        | Killed an orc high priest
  1924 | D        | Killed an orc high priest
  2133 | D        | Reached skill level 23 in Short Blades
  2375 | D        | Found Neddud's Magic Scroll Shoppe.
  2378 | D        | Found Vocryug's Jewellery Emporium.
  2380 | D        | Found Zotes's Antique Weapon Shoppe.
  2383 | D        | Noticed an orc high priest
  2403 | D        | Killed an orc high priest
  2414 | D        | Slain by an orc knight

Illustrated notes

Levels and vault maps discovered:
D:        linesprint [early_d, line_temple, items_1, d_10, items_2, lair_1,
          lair_end, items_3, orc_1, orc_end, items_4, d_15, swamp_1, shoals_1,
          snake_1, spider_1, d_20, vaults_1, items_5, swamp_end, shoals_end,
          snake_end, spider_end, vaults_end, d_27, items_6, zot_1, zot_end,
          crypt_end, forest_end, elf_end, slime_end, tomb_end, abyss_end,
          pan_hell_end]

Skill      XL: |  1  2  3  4  5  6  7  8  9 10 11 12 |
---------------+-------------------------------------+-----
Short Blades   | 5 8 9 11 12 13 15 18 20 22 23 | 23.2
Fighting       | 4 5 6 8 9 10 12 13 15 16 | 16.4
Armour         | 2 3 4 5 6 8 9 |  9.7
Dodging        | 4 5 6 7 8 9 11 12 | 12.7
Stealth        | 3 4 6 7 9 10 12 15 16 | 16.8
Evocations     | 3 4 |  4.8
Throwing       | |  0.3

Action                   |  1- 3 |  4- 6 |  7- 9 | 10-12 || total
-------------------------+-------+-------+-------+-------++-------
Melee: Short sword       |    25 |     9 |       |    71 ||   105
       Rapier            |       |    18 |    45 |    99 ||   162
       Dagger            |       |       |       |    26 ||    26
Throw: Boomerang         |       |       |       |     1 ||     1
Invok: Berserk           |       |     1 |     3 |     9 ||    13
       Brothers in Arms  |       |       |       |     2 ||     2
Evoke: Wand              |       |       |     1 |     8 ||     9
  Use: Potion            |     1 |       |     1 |     3 ||     5
       Scroll            |       |       |     1 |     1 ||     2
 Stab: Sleeping          |     3 |       |       |     6 ||     9
Armor: Animal skin       |     4 |       |       |       ||     4
       Chain mail        |       |     1 |    12 |    27 ||    40
Dodge: Dodged            |    19 |     6 |    18 |    69 ||   112

Table legend: (Time is in decaauts)
 A = Elapsed time spent in this place.
 B = Non-inter-level travel time spent in this place.
 C = Inter-level travel time spent in this place.
 D = Time resting spent in this place.
 E = Time spent auto-exploring this place.
 F = Levels seen in this place.
 G = Mean time per level.
                   A        B        C        D        E       F      G
               +--------+--------+--------+--------+--------+-----+--------+
         Total |   2408 |   2408 |      0 |   1522 |    248 |   1 | 2408.0 |
       Dungeon |   2408 |   2408 |      0 |   1522 |    248 |   1 | 2408.0 |
               +--------+--------+--------+--------+--------+-----+--------+

Top non-repeatable levels by time:
       D: 2408 daAuts
